 Seeded DCSS version 0.29-a0-43-g62a80824bf (webtiles) character file.

Game seed: 16603882162921618398 (custom seed)

24 riojii the Scratcher (level 2, 12/12 HPs)
             Began as a Felid Transmuter on Feb 3, 2022.
             Quit the game on level 1 of the Dungeon.
             The game lasted 00:02:22 (957 turns).

riojii the Scratcher (Felid Transmuter)              Turns: 957, Time: 00:02:22

Health: 12/12      AC:  1    Str:  6    XL:     2   Next: 79%
Magic:  6/6        EV: 17    Int: 14    God:
Gold:   31         SH:  0    Dex: 16    Spells: 4/5 levels left
                                        Lives:  0   Deaths: 0

rFire   . . .      SeeInvis +     - Unarmed
rCold   . . .      Faith    .   (shield unavailable)
rNeg    . . .      Spirit   .   (armour unavailable)
rPois   .          Reflect  .   (helmet unavailable)
rElec   .          Harm     .   (cloak unavailable)
rCorr   .          Rampage  .   (gloves unavailable)
Will    .....                   (boots unavailable)
Stlth   +.........              (no amulet)
HPRegen 0.04/turn               (no ring)
MPRegen 0.10/turn               (no ring)

@: quick
A: very small, claws 1, fangs 3, see invisible, speed 1, shaggy fur 1, stealthy
paws, no weapons or thrown items, no armour, multi-lived
a: no special abilities


You were on level 1 of the Dungeon.
You visited 1 branch of the dungeon, and saw 1 of its levels.

You collected 31 gold pieces.

Inventory:

Jewellery
 f - an amulet of magic regeneration
 g - the ring of Arouq {rPois Str+6}
   (You acquired it on level 1 of the Dungeon)

   [ring of strength]

   Str:       It affects your strength (+6).
   rPois:     It protects you from poison.
Scrolls
 a - a scroll of acquirement
 c - a scroll of amnesia {unknown}
 d - a scroll of enchant weapon {unknown}
 e - 3 scrolls of identify {unknown}
Potions
 b - 3 potions of lignification {unknown}


   Skills:
 + Level 1.3 Fighting
 + Level 2.9 Dodging
 * Level 3.4 Unarmed Combat
 + Level 2.1 Spellcasting
 * Level 2.8 Transmutations


You had 4 spell levels left.
You knew the following spells:

 Your Spells              Type           Power      Damage    Failure   Level
a - Beastly Appendage     Tmut           18%        N/A       8%          1

Your spell library contained the following spells:

 Spells                   Type           Power      Damage    Failure   Level
 Wereblood                Tmut           9%         N/A       12%         2
 Spider Form              Tmut/Pois      5%         N/A       36%         3
 Call Canine Familiar     Summ           1%         N/A       56%         3
 Ice Form                 Ice/Tmut       5%         N/A       78%         4
 Leda's Liquefaction      Hex/Erth       0%         N/A       93%         4
 Portal Projectile        Hex/Tloc       Unusable   N/A       N/A         3

Dungeon Overview and Level Annotations

Branches:
Dungeon (1/15)

Altars:


Innate Abilities, Weirdness & Mutations

You have sharp claws.
You have razor-sharp teeth.
You have supernaturally acute eyesight. (SInv)
You cover ground quickly. (Speed+)
You are covered in fur. (AC +1)
Your paws help you pounce on unaware monsters.
You are incapable of wielding weapons or throwing items.
You cannot wear armour.
You gain extra lives every three experience levels.


Message History

The quokka bites you.
Your horns disappear.
You are too injured to fight recklessly!
You scratch the quokka. Your bite misses the quokka.
The quokka is almost dead.
The quokka bites you but does no damage.
You barely miss the quokka.
The quokka is almost dead.
The quokka completely misses you.
You scratch the quokka.
You kill the quokka!
You are too injured to fight recklessly!
You are too injured to fight recklessly!
Casting: Beastly Appendage (safe; 8% risk of failure)
Confirm with . or Enter, or press ? or * to list all spells.
You grow a pair of large bovine horns.
Unknown command.
You closely miss the hobgoblin. Your headbutt misses the hobgoblin.
You bite the hobgoblin.
The hobgoblin is heavily wounded.
The hobgoblin misses you.
You scratch the hobgoblin.
You kill the hobgoblin!
You see here a hobgoblin corpse.
Your transformation is almost over.
Your horns disappear.
Key pressed, stopping explore.
Done exploring.
Done exploring.
Done exploring.
Done exploring.
Done exploring.
Done exploring.
Done exploring.
This is a scroll of acquirement!
Something appears before you!
f - an amulet of magic regeneration Something appears before you!
g - the ring of Arouq {rPois Str+6} Are you sure you want to abandon this character and quit the game? (Confirm with "yes".)

#....#............#######
#....#...........## #
#....###..#......########
#.......................#
#.....#..#.#.#..#..####..
#...(....#..........>...#
#..........#....#..####..
####..#..#...#....## ###
#...#@.#.......#
#..#...._....#.#
#............#.#
#............#.#
#...........#..#
#...#.#..#.#...#
#..##..#+......#
#..............#
#.......########


There were no monsters in sight!

Vanquished Creatures
  6 ball pythons (D:1)
  An endoplasm (D:1)
  A goblin (D:1)
  5 hobgoblins (D:1)
  A quokka (D:1)
  A bat (D:1)
  A frilled lizard (D:1)
  3 kobolds (D:1)
  4 rats (D:1)
23 creatures vanquished.

Notes
Turn   | Place    | Note
-------+----------+-------------------------------------------
     0 | D:1      | riojii the Felid Transmuter began the quest for the Orb.
     0 | D:1      | Reached XP level 1. HP: 9/9 MP: 4/4
   149 | D:1      | Reached XP level 2. HP: 12/12 MP: 4/6
   707 | D:1      | Found a faded altar of an unknown god.
   953 | D:1      | Identified 3 scrolls of acquirement
   953 | D:1      | Acquired an amulet of magic regeneration
   955 | D:1      | Acquired the ring of Arouq {rPois Str+6}
   957 | D:1      | Quit the game

Illustrated notes

Levels and vault maps discovered:
D:1:      dpeg_arrival_rhombi, layout_rooms, hellmonk_ecumenical_altar_blasted,
          minmay_misc_feat_five, corexii_leaking_fountain,
          minmay_small_reverse_x

Action                   || total
-------------------------++-------
Melee: Unarmed           ||    59
       Headbutt          ||     5
       Bite              ||     5
 Cast: Beastly Appendage ||    12
  Use: Scroll            ||     2
Armor: Skin              ||     3
Dodge: Dodged            ||    42

Table legend: (Time is in decaauts)
 A = Elapsed time spent in this place.
 B = Non-inter-level travel time spent in this place.
 C = Inter-level travel time spent in this place.
 D = Time resting spent in this place.
 E = Time spent auto-exploring this place.
 F = Levels seen in this place.
 G = Mean time per level.
                   A        B        C        D        E       F      G
               +--------+--------+--------+--------+--------+-----+--------+
         Total |    865 |    865 |      0 |    135 |    542 |   1 |  865.0 |
       Dungeon |    865 |    865 |      0 |    135 |    542 |   1 |  865.0 |
               +--------+--------+--------+--------+--------+-----+--------+

Top non-repeatable levels by time:
     D:1: 865 daAuts
